 Dungeon Crawl Stone Soup version 0.28.0-53-g5a82cb258f (webtiles) character file.

Game seed: 7246186955275107354

273 Stomo the Skirmisher (level 6, -6/53 HPs)
             Began as a Draconian Gladiator on June 30, 2022.
             Mangled by Pikel
             ... wielding a +2 whip of electrocution
              (9 damage)
             ... on level 4 of the Dungeon.
             The game lasted 00:03:54 (3798 turns).

Stomo the Skirmisher (Draconian Gladiator)          Turns: 3798, Time: 00:03:54

Health: -6/53      AC:  7    Str: 18    XL:     6   Next: 3%
Magic:  6/6        EV: 13    Int:  9    God:
Gold:   115        SH:  0    Dex: 12    Spells: 5/5 levels left

rFire   . . .      SeeInvis .   i - +10 club
rCold   . . .      Faith    .   (no shield)
rNeg    . . .      Spirit   .   (armour unavailable)
rPois   .          Reflect  .   b - +0 hat
rElec   .          Harm     .   (no cloak)
rCorr   .          Rampage  .   g - +0 pair of gloves
Will    .....                   (no boots)
Stlth   +.........              j - amulet of magic regeneration
HPRegen 0.17/turn               (no ring)
MPRegen 0.50/turn               (no ring)

@: no status effects
A: AC +6, unfitting armour, cold-blooded
a: no special abilities


You were on level 4 of the Dungeon.
You visited 1 branch of the dungeon, and saw 4 of its levels.

You collected 115 gold pieces.

Inventory:

Hand Weapons
 a - a +0 quarterstaff
 i - a +10 club (weapon)
Missiles
 c - 4 throwing nets (quivered)
Armour
 b - a +0 hat (worn)
 g - a +0 pair of gloves (worn)
Jewellery
 j - an amulet of magic regeneration (around neck)
 k - an amulet of reflection
Wands
 l - a wand of acid (11)
Scrolls
 e - a scroll of identify {unknown}
 h - a scroll of fog {unknown}
 m - a scroll of noise {unknown}
Potions
 d - a potion of curing {unknown}
 f - a potion of brilliance {unknown}


   Skills:
 + Level 4.7 Fighting
 - Level 3.8 Staves
 - Level 1.7 Throwing
 + Level 4.4 Dodging


You had 5 spell levels left.
You didn't know any spells.
Your spell library contained the following spells:

 Spells                   Type           Power      Damage    Failure   Level
 Conjure Flame            Conj/Fire      0%         6-21      77%         3
 Ignite Poison            Fire/Tmut/Pois 0%         N/A       77%         3
 Mephitic Cloud           Conj/Pois/Air  0%         N/A       77%         3
 Sticky Flame             Conj/Fire      0%         2d3       99%         4
 Freezing Cloud           Conj/Ice/Air   0%         6-21      100%        5


Dungeon Overview and Level Annotations

Branches:
Dungeon (4/15)
 Temple: D:4-7

Altars:

Annotations:
D:4 Pikel


Innate Abilities, Weirdness & Mutations

Your plain brown scales are hard. (AC +6)
You cannot fit into any form of body armour.
You are cold-blooded and may be slowed by cold attacks.


Message History

There is a stone staircase leading down here.
You start resting.
HP restored.
You climb downwards.
Level annotation: Pikel Pikel hits you but does no damage.
You are electrocuted!!
Pikel barely misses you.
There is a stone staircase leading up here.
You closely miss Pikel. Pikel misses you.
You closely miss Pikel. Pikel closely misses you.
You barely miss Pikel.
Pikel hits you with a +2 whip of electrocution!
Pikel completely misses you.
You hit Pikel but do no damage. Pikel closely misses you.
You hit Pikel but do no damage.
Pikel hits you with a +2 whip of electrocution.
You completely miss Pikel.
Your tail-slap misses Pikel.
Pikel hits you but does no damage.
You hit Pikel but do no damage.
Pikel hits you with a +2 whip of electrocution.
You are electrocuted!
* * * LOW HITPOINT WARNING * * *
You hit Pikel.
Pikel is lightly wounded.
Pikel hits you but does no damage.
You hit Pikel but do no damage.
Pikel is lightly wounded.
Pikel hits you but does no damage.
Pikel says, "You'll make a fine lemure."
Pikel barely misses you.
Unknown command.
You thump Pikel!
Pikel is moderately wounded.
Pikel hits you with a +2 whip of electrocution.
* * * LOW HITPOINT WARNING * * *
Unknown command.
You hit Pikel.
Pikel is moderately wounded.
Pikel hits you with a +2 whip of electrocution!
You die...

#.# .. #.# ####### #..
#.....# #..##.###.#
.###...#.###K# ####...
#)#.#...# ......#
#..5#5### ......#
##.5#5K@# ......#
#..#####.# ......#
##.......# ..†...#
#.5###### ......# ##.##
.....5#######..######..
...?.55K...###)........
.....5####5# #..######.
......# #K# #..#


You could see Pikel and 2 lemures.

Vanquished Creatures
  A jelly (D:4)
  A centaur skeleton (D:4)
  Jessica (D:2)
  Terence (D:2)
  An iguana (D:4)
  6 gnolls (D:3)
  4 adders
  An adder skeleton (D:4)
  An orc (D:4)
  2 endoplasms
  6 goblins
  5 hobgoblins
  2 quokkas
  8 ball pythons
  3 bats
  A frilled lizard (D:1)
  6 kobolds
  A rat (D:3)
51 creatures vanquished.

Notes
Turn   | Place    | Note
-------+----------+-------------------------------------------
     0 | D:1      | Stomo the Draconian Gladiator began the quest for the Orb.
     0 | D:1      | Reached XP level 1. HP: 17/17 MP: 1/1
   276 | D:1      | Reached XP level 2. HP: 25/25 MP: 2/2
   514 | D:1      | Found a faded altar of an unknown god.
   923 | D:2      | Reached XP level 3. HP: 11/30 MP: 3/3
  1396 | D:2      | Noticed Terence
  1410 | D:2      | Killed Terence
  1840 | D:2      | Noticed Jessica
  1843 | D:2      | Killed Jessica
  1844 | D:2      | Reached XP level 4. HP: 38/38 MP: 4/4
  3086 | D:3      | Reached XP level 5. HP: 46/46 MP: 5/5
  3578 | D:4      | Noticed a lemure
  3578 | D:4      | Noticed a lemure
  3578 | D:4      | Noticed Pikel
  3579 | D:4      | Noticed a lemure
  3580 | D:4      | Noticed a lemure
  3585 | D:4      | Reached XP level 6. HP: 27/53 MP: 6/6
  3798 | D:4      | Mangled by Pikel

Illustrated notes

Levels and vault maps discovered:
D:1:      shiori_arrival_elements, layout_rooms,
          shapermc_ecumenical_altar_mp_vishouse
D:2:      layout_loops_corners, chequers_serial_rivers_small_b,
          minmay_pentomino_r4, uniq_jessica, uniq_terence
D:3:      layout_basic
D:4:      layout_basic, minmay_temple_entry_offerings, uniq_pikel

Skill      XL: |  1  2  3  4  5 |
---------------+----------------+-----
Dodging        | 3 4 |  4.4
Fighting       | 3 4 |  4.7
Staves         | |  3.8
Throwing       | |  1.7

Action                   |  1- 3 |  4- 6 || total
-------------------------+-------+-------++-------
Melee: Quarterstaff      |    91 |     4 ||    95
       Tailslap          |    10 |     6 ||    16
       Club              |       |    84 ||    84
Throw: Throwing net      |     2 |       ||     2
  Use: Scroll            |     2 |       ||     2
Armor: Skin              |    39 |    27 ||    66
Dodge: Dodged            |    65 |    64 ||   129
